Map: Lightshade LE

Players

Epic

  • Race: Terran Terran
  • League: Grandmaster
  • Spawn Location: 11:00

PattyMac - Winner!

  • Race: Protoss Protoss
  • League: Grandmaster
  • Spawn Location: 5:00

Event: DreamHack SC2 Masters 2020 Winter

VOD

Have the link to the VOD?

Description

Time

  • Played on: Oct. 28, 2020, 5:03 p.m.
  • Length: 13:05

All games in this series

Show
View Real Time Build Order
Export as new Build Order

Epic Terran 

Build Orders:  

Get SALT Encoding   

  12  0:00  SCV  
  13  0:12  SCV  
  14  0:17  Supply Depot  
  14  0:24  SCV  
  14  0:27  Refinery  
  15  0:39  SCV  
  16  0:45  Barracks  
  16  0:51  SCV  
  17  1:03  SCV  
  18  1:05  Engineering Bay  
  18  1:17  SCV  
  18  1:32  Marine, Orbital Command  
  19  1:40  Factory  
  19  1:49  Supply Depot  
  19  1:51  Barracks Reactor  
  19  1:57  SCV  
  20  2:09  SCV  
  21  2:19  Command Center  
  21  2:22  SCV  
  22  2:32  Hellion  
  22  2:33  Hellion  
  22  2:35  SCV  
  27  2:40  Supply Depot  
  27  2:47  SCV  
  27  2:50  Starport  
  28  2:55  Hellion  
  30  3:01  Hellion  
  30  3:05  Refinery  
  32  3:09  SCV  
  33  3:20  Widow Mine  
  33  3:21  SCV  
  33  3:23  Widow Mine  
  38  3:31  Medivac  
  38  3:32  Orbital Command  
  38  3:34  SCV  
  41  3:39  Supply Depot  
  41  3:42  Barracks Tech Lab  
  41  3:46  Widow Mine  
  41  3:49  Widow Mine  
  41  3:50  SCV  
  42  3:58  SCV  
  41  4:02  SCV  
  40  4:10  SCV  
  40  4:15  SCV  
  40  4:16  Bunker, Marine x2  
  44  4:17  Siege Tank  
  44  4:22  SCV  
  48  4:27  SCV  
  48  4:30  Starport Tech Lab  
  49  4:35  SCV  
  49  4:37  Command Center  
  50  4:39  SCV  
  50  4:40  Marine x2  
  53  4:48  SCV  
  53  4:49  Siege Tank  
  53  4:51  SCV  
  58  4:54  Barracks  
  56  5:02  SCV  
  56  5:03  Marine x2, SCV  
  56  5:05  Barracks  
  56  5:07  Raven  
  58  5:14  Supply Depot  
  58  5:15  SCV x2  
  58  5:22  Marine x2  
  58  5:24  Barracks  
  58  5:27  SCV x2  
  62  5:35  Siege Tank, Barracks  
  62  5:37  Supply Depot  
  62  5:38  Barracks  
  62  5:40  SCV x2  
  67  5:44  Refinery  
  67  5:46  Refinery  
  67  5:48  Orbital Command  
  67  5:52  SCV x2  
  67  5:55  Stimpack  
  69  5:58  Marauder  
  69  6:00  Marine x2  
  69  6:02  Barracks Tech Lab  
  73  6:04  SCV x2  
  73  6:08  Engineering Bay  
  75  6:11  Engineering Bay  
  75  6:12  Orbital Command  
  75  6:19  Siege Tank  
  75  6:20  SCV x2  
  75  6:22  Barracks Tech Lab, Barracks Reactor  
  75  6:23  Marine x2  
  82  6:27  Supply Depot  
  82  6:31  Marauder  
  82  6:32  SCV x2  
  86  6:35  Marauder  
  86  6:36  Starport Reactor  
  86  6:38  SCV  
  89  6:44  Marine x2  
  91  6:50  Supply Depot  
  91  6:51  Supply Depot, Terran Infantry Weapons Level 1  
  91  6:52  Marauder, Terran Infantry Armor Level 1  
  91  6:53  SCV x3  
  96  6:58  Marauder  
  96  6:59  Marauder  
  96  7:00  Marine  
  101  7:06  Supply Depot  
  101  7:07  Combat Shield, Supply Depot, Marine  
  101  7:13  Engineering Bay x2  
  101  7:16  Engineering Bay  
  101  7:22  Bunker  
  101  7:23  Bunker  
  101  7:29  SCV x2  
  99  7:30  SCV  
  99  7:33  Marauder x2, Marine  
  88  7:38  Marine  
  75  7:58  SCV x2  
  74  7:59  SCV  
  72  8:10  SCV x2  
  72  8:11  SCV  
  74  8:13  Marine x6  
  74  8:14  Marine  
  81  8:22  SCV x2  
  81  8:23  SCV  
  81  8:25  Concussive Shells  
  84  8:28  Medivac x2  
  84  8:32  Marine  
  84  8:33  Marine  
  92  8:34  SCV x2  
  92  8:35  SCV  
  93  8:46  SCV x2  
  93  8:47  SCV  
  96  8:48  Supply Depot  
  96  8:49  Marine, Marauder x3  
  96  8:50  Marine  
  96  8:51  Marine  
  96  8:55  Widow Mine x2, Supply Depot  
  109  8:58  SCV  
  109  8:59  SCV x2  
  112  9:04  Armory  
  112  9:05  Supply Depot  
  112  9:09  Marine x2  
  114  9:11  SCV x2  
  114  9:12  SCV  
  117  9:17  Widow Mine x2, Refinery  
  117  9:18  Viking  
  117  9:19  Barracks Reactor  
  117  9:23  SCV x2, Viking  
  117  9:24  SCV  
  126  9:28  Marauder x2  
  126  9:29  Marauder  
  132  9:31  Supply Depot  
  132  9:35  SCV x2  
  132  9:36  SCV  
  135  9:39  Widow Mine x2  
  135  9:44  Supply Depot, Marine  
  135  9:45  Marine, Supply Depot  
  141  9:53  Missile Turret, SCV x3  
  141  9:54  Supply Depot  
  144  10:02  Terran Infantry Weapons Level 2, Terran Infantry Armor Level 2  
  144  10:05  SCV  
  144  10:06  Refinery  
  149  10:07  Widow Mine x2, Marine x2  
  149  10:08  Marine  
  149  10:09  Marine  
  152  10:17  SCV x2  
  152  10:18  SCV  
  154  10:21  Marauder  
  154  10:22  Marauder x2  
  160  10:28  Bunker  
  160  10:30  Medivac x2  
  160  10:31  Widow Mine x2  
  168  10:36  Supply Depot  
  168  10:37  Supply Depot, Marine x2  
  168  10:39  Supply Depot  
  168  10:41  Marine x2  
  161  10:51  Marauder x2  
  161  10:52  Marauder  
  161  11:01  Marine x3  
  161  11:02  Widow Mine x2, Marine, Medivac x2  
  128  11:19  SCV x2  
  128  11:23  Marine x5, Marauder  
  110  11:34  Orbital Command  
  98  11:44  SCV  
  88  11:47  Orbital Command  
  85  11:57  SCV  
  85  12:15  SCV x2  
  62  12:16  Marine  
  62  12:22  Orbital Command  
  52  12:29  Widow Mine  
  37  12:41  Widow Mine  
  39  12:45  Marine  
  39  12:46  Marine  
Show
View Real Time Build Order
Export as new Build Order

PattyMac Protoss - Winner!

Build Orders:  

Get SALT Encoding   

  12  0:00  Probe  
  13  0:12  Probe  
  14  0:17  Pylon  
  14  0:24  Probe (Chrono Boost)  
  16  0:36  Gateway, Probe (Chrono Boost)  
  16  0:43  Probe (Chrono Boost)  
  16  0:46  Assimilator  
  17  0:51  Probe  
  18  1:03  Probe  
  19  1:16  Probe  
  20  1:26  Cybernetics Core  
  20  1:38  Probe  
  21  1:40  Pylon  
  21  1:53  Nexus  
  20  1:57  Probe  
  21  2:03  Assimilator  
  21  2:08  Stalker (Chrono Boost)  
  21  2:14  Probe  
  24  2:17  Warp Gate  
  24  2:26  Probe (Chrono Boost)  
  26  2:38  Probe (Chrono Boost)  
  26  2:40  Robotics Facility  
  26  2:44  Probe (Chrono Boost)  
  26  2:47  Stalker  
  29  2:52  Probe  
  30  3:05  Probe (Chrono Boost)  
  32  3:10  Probe (Chrono Boost)  
  32  3:14  Probe (Chrono Boost)  
  32  3:17  Stalker  
  32  3:18  Probe (Chrono Boost)  
  32  3:19  Probe (Chrono Boost)  
  37  3:27  Observer (Chrono Boost)  
  37  3:28  Probe  
  37  3:31  Probe  
  40  3:35  Nexus  
  40  3:39  Pylon  
  33  4:05  Probe (Chrono Boost)  
  33  4:09  Stalker  
  36  4:10  Probe (Chrono Boost)  
  36  4:17  Twilight Council, Probe (Chrono Boost)  
  37  4:20  Probe (Chrono Boost)  
  39  4:24  Gateway  
  39  4:25  Probe (Chrono Boost)  
  39  4:27  Probe (Chrono Boost)  
  39  4:28  Gateway  
  39  4:31  Observer  
  41  4:32  Probe x2 (Chrono Boost)  
  41  4:33  Observer  
  43  4:40  Pylon  
  45  4:46  Probe (Chrono Boost)  
  45  4:47  Probe (Chrono Boost)  
  45  4:48  Probe (Chrono Boost)  
  46  4:57  Probe (Chrono Boost)  
  46  4:59  Stalker, Probe (Chrono Boost)  
  48  5:00  Probe (Chrono Boost)  
  48  5:02  Probe (Chrono Boost)  
  48  5:09  Probe (Chrono Boost)  
  48  5:11  Probe (Chrono Boost)  
  48  5:13  Probe (Chrono Boost)  
  51  5:14  Charge (Chrono Boost)  
  53  5:21  Probe (Chrono Boost)  
  53  5:24  Probe (Chrono Boost)  
  53  5:27  Probe (Chrono Boost)  
  55  5:28  Probe (Chrono Boost)  
  55  5:29  Pylon  
  55  5:30  Probe (Chrono Boost)  
  55  5:34  Probe (Chrono Boost)  
  57  5:35  Probe  
  57  5:41  Observer  
  58  5:43  Gateway  
  58  5:45  Gateway  
  58  5:46  Gateway  
  58  5:47  Gateway  
  58  5:52  Probe  
  58  5:53  Gateway  
  58  5:54  Probe  
  58  5:55  Probe  
  61  5:58  Pylon  
  61  6:00  Sentry  
  61  6:01  Observer  
  63  6:05  Sentry x2  
  63  6:07  Probe  
  63  6:09  Warp Prism (Chrono Boost), Probe  
  63  6:11  Probe  
  70  6:16  Observer  
  72  6:19  Probe  
  72  6:21  Forge, Probe  
  72  6:23  Probe  
  72  6:24  Zealot  
  77  6:27  Pylon  
  77  6:31  Probe  
  77  6:32  Zealot x2  
  82  6:39  Zealot  
  84  6:44  Zealot x3  
  84  6:46  Zealot  
  91  6:52  Pylon  
  91  6:54  Pylon  
  91  6:55  Zealot x3  
  91  7:00  Zealot  
  99  7:07  Zealot  
  101  7:11  Pylon, Zealot x3  
  101  7:12  Protoss Ground Weapons Level 1 (Chrono Boost)  
  101  7:14  Probe x2  
  101  7:15  Probe  
  110  7:16  Assimilator  
  110  7:23  Assimilator  
  104  7:33  Sentry x2  
  104  7:34  Stalker x3  
  112  7:45  Zealot x3, Probe  
  117  7:58  Zealot x5  
  115  8:05  Warp Prism (Chrono Boost)  
  113  8:10  Probe  
  114  8:13  Robotics Bay  
  114  8:14  Assimilator  
  114  8:15  Blink  
  114  8:17  Assimilator  
  114  8:19  Pylon  
  114  8:21  Pylon  
  114  8:24  Pylon, Probe x3  
  114  8:26  Pylon, Zealot x3  
  123  8:30  Zealot  
  125  8:39  Zealot x4  
  133  8:46  Probe x2  
  135  8:58  Robotics Facility  
  135  9:01  Disruptor (Chrono Boost)  
  135  9:03  Protoss Ground Weapons Level 2 (Chrono Boost)  
  135  9:07  Zealot x6  
  150  9:17  Forge  
  150  9:18  Dark Shrine  
  150  9:20  Stalker x2  
  150  9:21  Pylon  
  154  9:26  Pylon  
  154  9:34  Gravitic Drive (Chrono Boost), Disruptor  
  154  9:37  Pylon  
  157  9:40  Nexus  
  157  9:45  Disruptor (Chrono Boost)  
  160  10:03  Protoss Ground Armor Level 1  
  160  10:04  Probe x3  
  163  10:07  Pylon  
  163  10:09  Stalker x3  
  163  10:10  Stalker  
  163  10:13  Gateway  
  174  10:17  Disruptor (Chrono Boost)  
  174  10:18  Disruptor (Chrono Boost)  
  177  10:27  Probe  
  176  10:39  Dark Templar x2  
  176  10:42  Stalker x4  
  187  10:52  Disruptor (Chrono Boost)  
  187  10:56  Zealot x2  
  189  11:08  Zealot x2  
  189  11:09  Dark Templar x3  
  179  11:19  Zealot x3  
  179  11:20  Zealot  
  179  11:24  Disruptor  
  166  11:39  Nexus  
  166  11:43  Zealot x3  
  166  11:44  Zealot x2  
  171  11:56  Zealot x3  
  171  11:57  Zealot  
  169  12:09  Observer  
  163  12:18  Stalker x7  
  171  12:29  Assimilator  
  169  12:30  Probe  
  169  12:35  Assimilator  
  168  12:40  Pylon  
  166  12:50  Dark Templar x2  
  166  12:51  Dark Templar  
Tags
 
Add a new tag
Caveats
  • Supply blocks, unpowered buildings, or Contaminate may cause inaccurate times.
  • Supply counts are checked every 10 seconds.